 Dungeon Crawl Stone Soup version 0.28.0-45-g0d030f2227 (webtiles) character file.

Game seed: 15718711672867038974

4097 Gabide the Martial Artist (level 10, -2/114 HPs)
             Began as a Human Monk on Apr 3, 2022.
             Was a Believer of Fedhas.
             Slain by a centaur warrior
             ... wielding a staff of earth
              (3 damage)
             ... on level 8 of the Dungeon.
             The game lasted 00:20:22 (13873 turns).

Gabide the Martial Artist (Human Monk)             Turns: 13873, Time: 00:20:23

Health: -2/114     AC: 25    Str: 11    XL:     10   Next: 50%
Magic:  0/21       EV:  2    Int: 11    God:    Fedhas [**....]
Gold:   366        SH:  0    Dex: 20    Spells: 9/9 levels left

rFire   . . .      SeeInvis .     - Unarmed
rCold   . . .      Faith    .   (no shield)
rNeg    . . .      Spirit   +   (armour currently unavailable)
rPois   +          Reflect  .   (helmet currently unavailable)
rElec   .          Harm     .   (cloak currently unavailable)
rCorr   .          Rampage  .   (gloves currently unavailable)
Will    .....      NoTele   +   (boots currently unavailable)
Stlth   +++.......              j - amulet of guardian spirit
HPRegen 0.29/turn               v - ring of magical power
MPRegen 0.17/turn               u - +4 ring of evasion

@: tree-form
A: stationary, stasis, torment immunity, boosted hp
a: Renounce Religion, Wall of Briars


You were on level 8 of the Dungeon.
You worshipped Fedhas.
Fedhas was pleased with you.
You were a tree.
You visited 2 branches of the dungeon, and saw 9 of its levels.

You collected 366 gold pieces.

Inventory:

Armour
 c - +3 steam dragon scales (melded)
 m - a +2 pair of gloves (melded)
Jewellery
 e - an amulet of magic regeneration
 j - an amulet of guardian spirit (around neck)
 k - a ring of protection from fire
 u - a +4 ring of evasion (right branch)
 v - a ring of magical power (left branch)
Wands
 f - a wand of flame (14)
 o - a wand of digging (5)
Scrolls
 b - 2 scrolls of magic mapping
 g - 3 scrolls of brand weapon
 n - 2 scrolls of enchant weapon
Potions
 d - 2 potions of mutation
 i - a potion of attraction


   Skills:
 * Level 5.8 Fighting
 * Level 7.3 Dodging
 + Level 4.9 Stealth
 * Level 11.2 Unarmed Combat
 * Level 2.9 Invocations


You had 9 spell levels left.
You didn't know any spells.
Your spell library contained the following spells:

 Spells                   Type           Power      Damage    Failure   Level
 Apportation              Tloc           0%         N/A       34%         1
 Foxfire                  Conj/Fire      0%         2x1d4     34%         1
 Shock                    Conj/Air       0%         1d3       34%         1
 Conjure Flame            Conj/Fire      0%         6-21      71%         3
 Ignite Poison            Fire/Tmut/Pois 0%         N/A       71%         3
 Inner Flame              Hex/Fire       0%         N/A       71%         3
 Mephitic Cloud           Conj/Pois/Air  0%         N/A       71%         3
 Swiftness                Air            0%         N/A       71%         3
 Airstrike                Air            0%         N/A       98%         4
 Flame Wave               Conj/Fire      0%         2d4       98%         4
 Alistair's Intoxication  Tmut/Pois      0%         N/A       100%        5
 Freezing Cloud           Conj/Ice/Air   0%         6-21      100%        5


Dungeon Overview and Level Annotations

Branches:
Dungeon (8/15)             Temple (1/1) D:6
   Lair: D:8-11

Altars:
Ashenzari
Cheibriados
Dithmenos
Elyvilon
Fedhas
Gozag
Hepliaklqana
Kikubaaqudgha
Nemelex Xobeh
Qazlal
Ru
Sif Muna
Trog
Uskayaw
Vehumet
Wu Jian
Xom
Yredelemnul
Zin
The Shining One

Shops:
D:5 *   D:6 (


Message History

The centaur warrior shoots an arrow.
The arrow hits you!
The centaur warrior shoots an arrow.
The arrow hits you!
* * * LOW HITPOINT WARNING * * *
Okay, then.
Okay, then.
The centaur warrior shoots an arrow.
The arrow completely misses you.
The centaur warrior shoots an arrow.
The arrow hits you!
* * * LOW HITPOINT WARNING * * *
The centaur warrior shoots an arrow.
The arrow completely misses you.
There are no items here.
The centaur warrior shoots an arrow.
The arrow hits you!
* * * LOW HITPOINT WARNING * * *
Okay, then.
Really quaff the potion of attraction?
Okay, then.
It was a potion of lignification.
You turn into a tree.
Your +2 pair of gloves melds into your body.
Your +3 steam dragon scales melds into your body.
Your roots penetrate the ground.
You barely miss the centaur warrior.
The centaur warrior unwields a +0 shortbow.
The centaur warrior wields a staff of earth.
The centaur warrior hits you but does no damage.
The centaur warrior kicks you but does no damage.
You smack the centaur warrior!
The centaur warrior is moderately wounded.
The centaur warrior hits you but does no damage.
The centaur warrior kicks you but does no damage.
Okay, then.
Unknown command.
Okay, then.
You remove your ring of protection from fire.
The centaur warrior hits you with a staff of earth.
* * * LOW HITPOINT WARNING * * *
The centaur warrior kicks you but does no damage.
You feel your magic capacity increase.
v - a ring of magical power (left branch)
The centaur warrior hits you with a staff of earth.
You die...
Fedhas appreciates your contribution to the ecosystem.

#####.....####.......# .#
............[.......># .#
...##.....##.....###.###.#
...#........####.#.......#
...#.....................#
...#.........###.........#
..##.....♣P.♣♣
#.........######
........♣♣♣≈P♣
#c#.#........... ..##....♣
♣≈.♣ #♣#.#(##c###### ###
♣.#.#.##.# ♣♣♣.#..#.# ##
♣≈≈♣P.#..#.###### .#
≈≈≈≈.............. ..
♣♣P.♣.#).#.##.#### .# ♣
♣.#..#c# # .# . #..#.# .#
.........


You could see a centaur warrior.

Vanquished Creatures
  The ghost of dangdung the Insei, a novice OpTm of Okawaru (D:6)
  Maggie (D:7)
  Prince Ribbit (D:7)
  Grinder (D:6)
  Eustachio (D:4)
  A water moccasin (D:7)
  Duvessa (D:4)
  2 necrophages
  2 ogres
  2 centaurs (D:7)
  A kobold brigand (D:8)
  A phantom (D:5)
  A wyvern zombie (D:5)
  A bullfrog (D:7)
  A water moccasin zombie (D:5)
  2 water moccasin skeletons (D:4)
  Dowan (D:4)
  5 wights
  10 killer bees
  An electric eel (D:6)
  3 howler monkeys
  A bullfrog zombie (D:7)
  A bullfrog skeleton (D:5)
  A centaur skeleton (D:5)
  A gnoll shaman (D:8)
  3 orc priests
  3 hounds
  4 jellies
  5 iguanas
  Natasha (thrice) (D:3)
  An orc wizard (D:5)
  A hound zombie (D:5)
  A howler monkey zombie (D:6)
  5 adders
  A howler monkey skeleton (D:7)
  A shadow imp (D:7)
  A white imp (D:6)
  2 ufetubi
  An adder skeleton (D:4)
  2 worms
  3 dart slugs
  14 orcs
  9 ball pythons
  6 bats
  6 endoplasms
  3 giant cockroaches
  5 hobgoblins
  3 jackals (D:4)
  2 quokkas
  3 training dummies (D:6)
  6 frilled lizards
  6 goblins
  10 kobolds
  8 rats
162 creatures vanquished.

Vanquished Creatures (collateral kills)
  Menkaure (D:7)
1 creature vanquished.

Vanquished Creatures (others)
  18 plants (D:8)
18 creatures vanquished.

Grand Total: 181 creatures vanquished

Notes
Turn   | Place    | Note
-------+----------+-------------------------------------------
     0 | D:1      | Gabide the Human Monk began the quest for the Orb.
     0 | D:1      | Reached XP level 1. HP: 18/18 MP: 1/1
   164 | D:1      | Reached XP level 2. HP: 24/24 MP: 2/2
   794 | D:1      | Reached XP level 3. HP: 28/29 MP: 3/3
  1295 | D:2      | Found a faded altar of an unknown god.
  1457 | D:2      | Reached XP level 4. HP: 13/35 MP: 4/4
  2120 | D:2      | Reached skill level 4 in Unarmed Combat
  3466 | D:3      | Reached XP level 5. HP: 21/41 MP: 5/5
  3812 | D:3      | Noticed Natasha
  3824 | D:3      | Killed Natasha
  4170 | D:3      | Noticed Natasha
  4190 | D:3      | Killed Natasha
  4304 | D:3      | Noticed Natasha
  4316 | D:3      | Killed Natasha
  4317 | D:3      | Reached XP level 6. HP: 24/47 MP: 6/6
  4674 | D:4      | Found an opulent altar of Gozag.
  4776 | D:4      | Reached skill level 5 in Unarmed Combat
  4907 | D:4      | Noticed Duvessa
  4911 | D:4      | Noticed Dowan
  4921 | D:4      | Killed Dowan
  4924 | D:4      | Killed Duvessa
  4925 | D:4      | Reached XP level 7. HP: 24/53 MP: 2/7
  5196 | D:4      | Found a shimmering altar of Xom.
  5394 | D:4      | Noticed Eustachio
  5418 | D:4      | Killed Eustachio
  5419 | D:4      | Reached skill level 6 in Unarmed Combat
  6109 | D:5      | Entered Level 5 of the Dungeon
  6468 | D:4      | Reached XP level 8. HP: 48/60 MP: 8/8
  7186 | D:5      | Found Zurafoox's Lightly-Used Armoury.
  7232 | D:5      | Reached skill level 7 in Unarmed Combat
  7617 | D:5      | Reached skill level 5 in Dodging
  8337 | D:5      | Reached skill level 8 in Unarmed Combat
  8741 | D:5      | Found a shadowy altar of Dithmenos.
  9027 | D:5      | Found an ornate altar of the Wu Jian Council.
  9386 | D:6      | Reached XP level 9. HP: 62/66 MP: 7/9
  9486 | D:6      | Found a runed translucent door.
  9497 | D:6      | Noticed dangdung's ghost (novice OpTm)
  9640 | D:6      | Found a staircase to the Ecumenical Temple.
  9874 | D:6      | Killed dangdung's ghost
  9875 | D:6      | Reached skill level 5 in Fighting
  9875 | D:6      | Reached skill level 9 in Unarmed Combat
 10158 | Temple   | Entered the Ecumenical Temple
 10393 | Temple   | Became a worshipper of Fedhas Madash
 10393 | Temple   | Reached * piety under Fedhas
 10393 | Temple   | Reached ** piety under Fedhas
 10548 | D:6      | Found Fefaecrakk's Firing Range.
 10551 | D:6      | Noticed Grinder
 10560 | D:6      | Paralysed by Grinder for 7 turns
 10571 | D:6      | Killed Grinder
 10919 | D:6      | Reached skill level 1 in Invocations
 11315 | D:7      | Noticed Menkaure
 11327 | D:7      | Killed Menkaure
 11328 | D:7      | Reached skill level 10 in Unarmed Combat
 11880 | D:7      | Reached XP level 10. HP: 74/74 MP: 11/11
 12004 | D:7      | Found a white marble altar of Elyvilon.
 12006 | D:7      | Found a snail-covered altar of Cheibriados.
 12604 | D:8      | Noticed Prince Ribbit
 12606 | D:8      | Found a sacrificial altar of Ru.
 12615 | D:8      | Noticed Maggie
 13127 | D:7      | Killed Prince Ribbit
 13128 | D:7      | Reached skill level 11 in Unarmed Combat
 13275 | D:7      | Killed Maggie
 13850 | D:8      | Noticed a centaur warrior
 13868 | D:8      | HP: 3/76 [centaur warrior/arrow (11)]
 13872 | D:8      | HP: 1/114 [centaur warrior/staff of earth (4)]
 13873 | D:8      | Slain by a centaur warrior

Illustrated notes

Levels and vault maps discovered:
D:1:      heliophobic_arrival_battle_scene, layout_loops_ring,
          minmay_tromino_v4_c
D:2:      minmay_chambers_of_ones, layout_loops_ring, basic_ecumenical_altar
D:3:      layout_loops_ring, uniq_natasha
D:4:      layout_loops_cross, xom_butterflies, mainiacjoe_overflow_tiny_flanked,
          chequers_mini_garden, uniq_duvessa, uniq_eustachio
D:5:      layout_loops_ring, nicolae_dithmenos_through_a_glass_darkly,
          marbit_many_paths, minmay_shop_damaged
D:6:      layout_loops_ring, temple_doors_cd, serial_bayou, serial_bayou_ford_a,
          serial_bayou_pond_c, serial_bayou_lake_a, serial_bayou_pond_d,
          ebering_ghost_reflecting_pool, nicolae_shop_firing_range, uniq_grinder
D:7:      layout_loops_corners, nicolae_overflow_hidden_temple,
          minmay_misc_feat_alley, kennysheep_decorative_pillar, uniq_menkaure
D:8:      layout_basic, mainiacjoe_overflow_small_starburst, serial_bayou,
          serial_bayou_pond_b, serial_bayou_shore_a, serial_bayou_crossing,
          serial_bayou_pond_c, minmay_radiant, uniq_prince_ribbit1, uniq_maggie
Temple:   nicolae_temple_figure_eight

Skill      XL: |  1  2  3  4  5  6  7  8  9 10 |
---------------+-------------------------------+-----
Unarmed Combat | 4 5 6 8 10 11 | 11.2
Stealth        | 3 4 |  4.9
Dodging        | 4 5 6 7 |  7.3
Fighting       | 4 5 |  5.8
Invocations    | 1 2 |  2.9

Action                   |  1- 3 |  4- 6 |  7- 9 | 10-12 || total
-------------------------+-------+-------+-------+-------++-------
Melee: Unarmed           |   121 |   160 |   353 |   145 ||   779
       Punch             |     5 |     6 |    20 |    11 ||    42
Throw: Throwing net      |       |       |     1 |       ||     1
Invok: Wall of Briars    |       |       |     1 |     1 ||     2
Evoke: Wand              |       |     6 |     2 |     1 ||     9
  Use: Scroll            |       |     8 |    12 |     6 ||    26
       Potion            |       |       |     1 |     7 ||     8
 Stab: Sleeping          |     7 |    10 |     7 |     3 ||    27
       Distracted        |       |       |     2 |       ||     2
Armor: Robe              |    27 |    18 |    55 |    27 ||   127
       Steam dragon scal |       |       |       |    28 ||    28
       Skin              |       |       |       |     8 ||     8
Dodge: Dodged            |    74 |    84 |   217 |   292 ||   667
